 Dungeon Crawl Stone Soup version 0.28-a0-1387-g3a22ab9bdc (webtiles) character file.

Game seed: 12931152809921891381

322 Woods the Insei (level 6, -5/47 HPs)
             Began as a Gnoll Transmuter on Jan 3, 2022.
             Slain by Duvessa (18 damage)
             ... on level 3 of the Dungeon.
             The game lasted 00:06:38 (3669 turns).

Woods the Insei (Gnoll Transmuter)                  Turns: 3669, Time: 00:06:39

Health: -5/47      AC:  5    Str: 11    XL:     6   Next: 47%
Magic:  12/14      EV: 13    Int: 18    God:
Gold:   132        SH:  0    Dex: 12    Spells: 3/15 levels left

rFire   . . .      SeeInvis .     - Unarmed
rCold   . . .      Faith    .   (no shield)
rNeg    . . .      Spirit   .   a - +0 robe
rPois   .          Reflect  .   (no helmet)
rElec   .          Harm     .   (no cloak)
rCorr   .          Rampage  .   (no gloves)
Will    .....                   j - +2 pair of boots "Otiph" {Str+2 Int+3}
Stlth   ++........              (no amulet)
HPRegen 0.15/turn               (no ring)
MPRegen 0.14/turn               (no ring)

@: no status effects
A: fangs 1, strong nose, distributed training
a: no special abilities


You were on level 3 of the Dungeon.
You visited 1 branch of the dungeon, and saw 4 of its levels.

You collected 132 gold pieces.

Inventory:

Armour
 a - a +0 robe (worn)
 j - the +2 pair of boots "Otiph" (worn) {Str+2 Int+3}
   (You found it on level 2 of the Dungeon)

   Str:       It affects your strength (+2).
   Int:       It affects your intelligence (+3).
Scrolls
 e - a scroll of brand weapon {unknown}
 h - 2 scrolls of enchant weapon
 k - a scroll of amnesia
 l - a scroll of fear
Potions
 b - a potion of berserk rage {unknown}
 c - 2 potions of might {unknown}
 d - 2 potions of flight {unknown}
 f - a potion of curing
 i - a potion of lignification {unknown}


   Skills:
 + Level 3.2 Fighting
 + Level 2.0 Short Blades
 + Level 2.0 Long Blades
 + Level 2.0 Axes
 + Level 2.0 Maces & Flails
 + Level 2.0 Polearms
 + Level 2.0 Staves
 + Level 2.0 Slings
 + Level 2.0 Bows
 + Level 2.0 Crossbows
 + Level 2.0 Throwing
 + Level 2.0 Armour
 + Level 5.0 Dodging
 + Level 2.0 Stealth
 + Level 2.0 Shields
 + Level 6.8 Unarmed Combat
 + Level 5.4 Spellcasting
 + Level 1.5 Conjurations
 + Level 1.5 Hexes
 + Level 1.5 Summonings
 + Level 1.5 Necromancy
 + Level 1.5 Translocations
 + Level 4.1 Transmutations
 + Level 1.5 Fire Magic
 + Level 1.5 Ice Magic
 + Level 1.5 Air Magic
 + Level 1.5 Earth Magic
 + Level 1.5 Poison Magic
 + Level 2.2 Invocations
 + Level 2.0 Evocations


You had 3 spell levels left.
You knew the following spells:

 Your Spells              Type           Power      Damage    Failure   Level
a - Beastly Appendage     Tmut           38%        N/A       2%          1
b - Wereblood             Tmut           19%        N/A       3%          2
c - Spider Form           Tmut/Pois      15%        N/A       12%         3
d - Ozocubu's Armour      Ice            10%        N/A       21%         3
e - Vampiric Draining     Necr           10%        2d6       21%         3

Your spell library contained the following spells:

 Spells                   Type           Power      Damage    Failure   Level
 Magic Dart               Conj           40%        1d5       7%          1
 Slow                     Hex            40%        N/A       7%          1
 Call Imp                 Summ           10%        N/A       10%         2
 Confusing Touch          Hex            10%        N/A       21%         3
 Mephitic Cloud           Conj/Pois/Air  10%        N/A       21%         3
 Ice Form                 Ice/Tmut       15%        N/A       36%         4
 Metabolic Englaciation   Hex/Ice        5%         N/A       88%         5
 Simulacrum               Ice/Necr       5%         N/A       100%        6


Dungeon Overview and Level Annotations

Branches:
Dungeon (4/15)
 Temple: D:4-7

Altars:
Sif Muna

Shops:
D:3 [

Annotations:
D:3 1 runed translucent door, Duvessa; ReploidZero's ghost, amateur HOFE
D:4 Ijyb


Innate Abilities, Weirdness & Mutations

You have very sharp teeth.
Your uncanny sense of smell can sniff out nearby items.
Your experience applies equally to all skills.


Message History

The adder bites you but does no damage.
You feel better. Duvessa closely misses you. The adder completely misses you.
Duvessa hits you with a +0 short sword!
* * * LOW HITPOINT WARNING * * *
Your icy armour will break if you move.
Continue?
Your icy armour cracks and falls away as you move.
Duvessa rages.
You hear a shout!
You see here an iguana skeleton.
The adder misses you.
There is an open door here.
Duvessa rages.
Your transformation is almost over.
The adder completely misses you. Duvessa closely misses you.
Duvessa barely misses you. Duvessa completely misses you. The adder misses you.
Your transformation has ended.
The +2 pair of boots "Otiph" {Str+2 Int+3} unmelds from your body.
Your +0 robe unmelds from your body.
There is a stone staircase leading up here.
Duvessa hits you with a +0 short sword!
* * * LOW HITPOINT WARNING * * *
The adder misses you. Duvessa barely misses you.
You climb upwards.
Level annotation: 1 runed translucent door, ReploidZero's ghost, amateur HOFE
There is a stone staircase leading down here.
Duvessa rages.
The adder misses you.
You feel better. The adder bites you but does no damage.
As you read the scroll labelled EPTEMI NENOUDA, it crumbles to dust.
It is a scroll of amnesia.
Okay, then.
The adder barely misses you.
As you read the scroll labelled BOOM PAONWADEU, it crumbles to dust.
You assume a fearsome visage.
The adder looks frightened!
Duvessa is unaffected.
It was a scroll of fear.
Duvessa rages.
Duvessa hits you with a +0 short sword!!
You die...

..# #.#..####....<....#
..# #.#..#
#.#.#.######## ..#
#.##.## #.#.#.# #....#
..# #.##..# #.#...#
#.##.# ### #.##..#
#.##### #.##.# #
#.###.###.# ###.##.## #
#...S.....# #.......# #
#####.#########.#.##..#
# #.>.e@............# #
########.##.#.###.# #
#....#.#.# #.# #
###.#..#.#.###.## #
#####........#.#....#
#########
#...........##.#.####
#.......#
#.###.#........#.#
#.......# #.#
#†#....#####.#
#.......###.###.#....#
#.#


You could see Duvessa (berserk, poisoned).

Vanquished Creatures
  A bullfrog (D:4)
  A scorpion (D:4)
  Dowan (D:4)
  A jelly (D:4)
  An iguana (D:4)
  An adder (D:3)
  3 gnolls
  An adder skeleton (D:4)
  3 dart slugs
  2 orcs
  8 endoplasms
  2 hobgoblins
  2 jackals (D:2)
  3 kobolds
  4 quokkas
  3 ball pythons
  6 bats
  2 frilled lizards (D:1)
  7 rats
52 creatures vanquished.

Notes
Turn   | Place    | Note
-------+----------+-------------------------------------------
     0 | D:1      | Woods the Gnoll Transmuter began the quest for the Orb.
     0 | D:1      | Reached XP level 1. HP: 17/17 MP: 6/6
   226 | D:1      | Reached XP level 2. HP: 23/23 MP: 5/7
   232 | D:1      | Learned a level 2 spell: Wereblood
  1031 | D:1      | Found a faded altar of an unknown god.
  1221 | D:1      | Reached skill level 5 in Spellcasting
  1221 | D:1      | Reached XP level 3. HP: 23/28 MP: 6/9
  1238 | D:1      | Learned a level 3 spell: Spider Form
  1243 | D:2      | Reached skill level 1 in Invocations
  1249 | D:2      | Reached skill level 1 in Short Blades
  1249 | D:2      | Reached skill level 1 in Long Blades
  1249 | D:2      | Reached skill level 1 in Axes
  1249 | D:2      | Reached skill level 1 in Maces & Flails
  1249 | D:2      | Reached skill level 1 in Polearms
  1249 | D:2      | Reached skill level 1 in Staves
  1249 | D:2      | Reached skill level 1 in Slings
  1249 | D:2      | Reached skill level 1 in Bows
  1249 | D:2      | Reached skill level 1 in Crossbows
  1249 | D:2      | Reached skill level 1 in Throwing
  1249 | D:2      | Reached skill level 1 in Armour
  1249 | D:2      | Reached skill level 1 in Stealth
  1249 | D:2      | Reached skill level 1 in Shields
  1249 | D:2      | Reached skill level 1 in Evocations
  1496 | D:2      | Identified the +2 pair of boots "Otiph" {Str+2 Int+3}
  1539 | D:2      | Reached XP level 4. HP: 32/34 MP: 9/11
  1902 | D:3      | Found a runed translucent door.
  1926 | D:3      | Noticed ReploidZero's ghost (amateur HOFE)
  2354 | D:3      | Reached skill level 1 in Conjurations
  2354 | D:3      | Reached skill level 1 in Hexes
  2354 | D:3      | Reached skill level 1 in Summonings
  2354 | D:3      | Reached skill level 1 in Necromancy
  2354 | D:3      | Reached skill level 1 in Translocations
  2354 | D:3      | Reached skill level 1 in Fire Magic
  2354 | D:3      | Reached skill level 1 in Ice Magic
  2354 | D:3      | Reached skill level 1 in Air Magic
  2354 | D:3      | Reached skill level 1 in Earth Magic
  2354 | D:3      | Reached skill level 1 in Poison Magic
  2444 | D:3      | Found a shimmering blue altar of Sif Muna.
  2513 | D:3      | Found Jiaxaeci's Antique Armour Emporium.
  2687 | D:4      | Noticed Ijyb
  2687 | D:4      | Noticed Duvessa
  2687 | D:4      | Noticed Dowan
  3055 | D:4      | Noticed a bullfrog
  3063 | D:4      | Killed a bullfrog
  3064 | D:4      | Reached XP level 5. HP: 15/41 MP: 8/12
  3326 | D:4      | Reached XP level 6. HP: 16/47 MP: 11/13
  3592 | D:4      | Learned a level 3 spell: Ozocubu's Armour
  3596 | D:4      | Learned a level 3 spell: Vampiric Draining
  3611 | D:4      | Killed Dowan
  3612 | D:4      | Reached skill level 5 in Dodging
  3662 | D:4      | HP: 2/47 [Duvessa (9)]
  3669 | D:3      | Slain by Duvessa

Illustrated notes

Levels and vault maps discovered:
D:1:      sevenhm_arrival_forest_fort_small_1, layout_basic,
          ebering_ecumenical_altar_sacrificial, grunt_decor_mini_mirrors
D:2:      layout_rooms
D:3:      layout_basic, led_sif_pool, serial_shops, nicolae_square_shop,
          hellmonk_ghost_happy_afterlife
D:4:      layout_gridville, kennysheep_another_room, uniq_ijyb, uniq_duvessa,
          uniq_eustachio

Skill      XL: |  1  2  3  4  5  6 |
---------------+-------------------+-----
Spellcasting   | 5 |  5.4
Invocations    | 1 2 |  2.2
Short Blades   | 1 2 |  2.0
Long Blades    | 1 2 |  2.0
Axes           | 1 2 |  2.0
Maces & Flails | 1 2 |  2.0
Polearms       | 1 2 |  2.0
Staves         | 1 2 |  2.0
Slings         | 1 2 |  2.0
Bows           | 1 2 |  2.0
Crossbows      | 1 2 |  2.0
Throwing       | 1 2 |  2.0
Armour         | 1 2 |  2.0
Stealth        | 1 2 |  2.0
Shields        | 1 2 |  2.0
Evocations     | 1 2 |  2.0
Conjurations   | 1 |  1.5
Hexes          | 1 |  1.5
Summonings     | 1 |  1.5
Necromancy     | 1 |  1.5
Translocations | 1 |  1.5
Fire Magic     | 1 |  1.5
Ice Magic      | 1 |  1.5
Air Magic      | 1 |  1.5
Earth Magic    | 1 |  1.5
Poison Magic   | 1 |  1.5
Fighting       | 3 |  3.2
Transmutations | 4 |  4.1
Dodging        | 5 |  5.0
Unarmed Combat | |  6.8

Action                   |  1- 3 |  4- 6 || total
-------------------------+-------+-------++-------
Melee: Unarmed           |    61 |    63 ||   124
       Bite              |     5 |     1 ||     6
       Kick              |     6 |     8 ||    14
       Headbutt          |     3 |     2 ||     5
 Cast: Beastly Appendage |    16 |    15 ||    31
       Spider Form       |     2 |     5 ||     7
       Ozocubu's Armour  |       |     1 ||     1
 Abil: End Transformatio |     1 |     1 ||     2
  Use: Scroll            |       |     4 ||     4
       Potion            |       |     4 ||     4
 Stab: Sleeping          |     4 |     1 ||     5
Armor: Robe              |     6 |     7 ||    13
       Skin              |       |     2 ||     2
Dodge: Dodged            |    40 |    64 ||   104

Table legend: (Time is in decaauts)
 A = Elapsed time spent in this place.
 B = Non-inter-level travel time spent in this place.
 C = Inter-level travel time spent in this place.
 D = Time resting spent in this place.
 E = Time spent auto-exploring this place.
 F = Levels seen in this place.
 G = Mean time per level.
                   A        B        C        D        E       F      G
               +--------+--------+--------+--------+--------+-----+--------+
         Total |   3665 |   3463 |    202 |   1101 |   1712 |   4 |  916.2 |
       Dungeon |   3665 |   3463 |    202 |   1101 |   1712 |   4 |  916.2 |
               +--------+--------+--------+--------+--------+-----+--------+

Top non-repeatable levels by time:
     D:1: 1180 daAuts
     D:3: 1110 daAuts
     D:2: 742 daAuts
     D:4: 632 daAuts
